 Dungeon Crawl Stone Soup version 0.30-a0-956-gcec3b41aec (console) character file.

Game seed: 12979018685439886594

62 petzl the Sneak (level 4, -4/31 (35) HPs)
             Began as a Formicid Delver on Mar 29, 2023.
             Slain by a wight
             ... wielding a +0 war axe
              (7 damage)
             ... on level 7 of the Dungeon.
             The game lasted 00:05:39 (1211 turns).

petzl the Sneak (Formicid Delver)                   Turns: 1211, Time: 00:05:39

HP:   -4/31 (35)    AC:  3    Str: 16    XL:     4   Next: 28%
MP:   2/2           EV: 12    Int: 12    God:
Gold: 42            SH:  0    Dex: 23    Spells: 5/7 levels left

rFire   . . .      SeeInvis +    a - +7 mace "Amuytrag" {antimagic, Dex+8}
rCold   . . .      Faith    .    (no shield)
rNeg    . . .      Spirit   .    h - +0 leather armour
rPois   .          Reflect  .    (helmet unavailable)
rElec   .          Rampage  .    (no cloak)
rCorr   .                        (no gloves)
Will    .....                    (no boots)
Stlth   +++                      (no amulet)
HPRegen 0.25/turn                (no ring)
MPRegen 0.08/turn                (no ring)

@: heavily drained
A: permanent stasis, dig shafts and tunnels, antennae 3, four strong arms
a: Dig, Shaft Self


You were on level 7 of the Dungeon.
You visited 1 branch of the dungeon, and saw 5 of its levels.

You collected 42 gold pieces.

Inventory:

Hand Weapons
 a - the +7 mace "Amuytrag" (weapon) {antimagic, Dex+8}
   (You found it on level 4 of the Dungeon)

   Dex:       It affects your dexterity (+8).
 b - a +0 sling
 g - a +0 mace
 i - a +0 long sword
 o - a +2 dagger of protection {!f =f}
 r - a +0 vampiric short sword
Missiles
 k - 3 poisoned darts
 q - 4 boomerangs
Armour
 h - a +0 leather armour (worn)
Wands
 f - a wand of digging (3)
Scrolls
 c - a scroll of fog
 d - a scroll of magic mapping
 e - a scroll of fear
 j - a scroll of teleportation {unknown}
 l - a scroll of noise {unknown}
 p - a scroll of amnesia {unknown}
Potions
 m - a potion of curing {unknown}
 n - a potion of brilliance {unknown}


   Skills:
 - Level 3.2 Fighting
 - Level 2.0 Maces & Flails
 + Level 2.3 Ranged Weapons
 - Level 1.7 Dodging
 - Level 6.0 Stealth
 + Level 2.4 Spellcasting


You had 5 spell levels left.
You knew the following spells:

 Your Spells              Type           Power      Damage    Failure   Level
a - Apportation           Tloc           2%         N/A       32%         1
b - Summon Small Mammal   Summ           4%         N/A       32%         1

Your spell library contained the following spells:

 Spells                   Type           Power      Damage    Failure   Level
 Necrotise                Necr           4%         1d4       32%         1


Dungeon Overview and Level Annotations

Branches:
Dungeon (8/15)
 Temple: D:4-7         Lair: D:8-11

Altars:
Ashenzari
Fedhas
Nemelex Xobeh
Qazlal
Trog

Annotations:
D:7 exclusions: 2 bullfrogs, downstairs, 3 sensed monsters (detected), upstairs and wight
D:8 exclusions: orc and 2 sensed monsters (detected)


Innate Abilities, Weirdness & Mutations

You cannot be hasted, slowed, berserked, paralysed or teleported.
You can dig through walls and to a lower floor.
You have a pair of large antennae on your head. (SInv)
Your four strong arms can wield two-handed weapons with a shield.


Message History

You feel clever.
You feel magic returning to you.
b - a +0 sling (weapon)
You start resting.
HP restored.
Things that are here:
a +0 flail; a +0 robe Memorise Apportation, consuming 1 spell level and leaving 6?
You start memorising the spell.
You continue memorising.
You finish memorising.
Spell assigned to 'a'.
Memorise Summon Small Mammal, consuming 1 spell level and leaving 5?
You start memorising the spell.
You continue memorising.
You finish memorising.
Spell assigned to 'b'.
Things that are here:
a +0 club; an orc skeleton
Things that are here:
a +0 mace; a +0 club; an orc skeleton
There is a stone staircase leading up here.
Really walk into a travel-excluded area?
You shoot a sling bullet.
The sling bullet hits the wight but does no damage.
You shoot a sling bullet.
The sling bullet hits the wight but does no damage.
You shoot a sling bullet.
The sling bullet hits the wight but does no damage.
You shoot a sling bullet.
The sling bullet hits the wight but does no damage.
The wight hits you with a +0 war axe!
You feel drained.
You feel agile.
You feel magic leave you.
a - the +7 mace "Amuytrag" (weapon)
{antimagic, Dex+8} You hit the wight.
The wight is moderately damaged.
The wight hits you with a +0 war axe.
You sock the wight!
The wight is almost destroyed.
The wight hits you with a +0 war axe!
* * * LOW HITPOINT WARNING * * *
You feel drained.
You die...

####.#####.......###.#.##.#
#.......#####.#####....##.#
######### #......##..####.#
##.....#####.#.##.##..####.#
##..._...##.....##.##.......####
#..⌠...⌠..##..####.##.###......#
#....#....##..####.##.# #.####.#
#._.###._.##..........# #.# .#
#....##...#.....####### #.# ..
#..8.!#...####...# #.# .##
##....#...# #...# #.. .#
##._.#.### #...# # #### .#F#
....##.# #...# .#.. ..... { {
#.# #...#####.####z..{ ##.#
#...##......#.. {
#.######...##.##.#....{ #
####..................# .
#.##.....................#
#.#..##..........@z......#
#..#.#########...##.####.#
..#..# #...##......# ###..#
#...######### # #..# #(..# {
###..# #...#
.....#########...#### ########
...........##....<..# #......#
.....#.###.##.#.###.# #.####.#
....#.## ##.......#.###.####.#
##.##.# #.#.#...).....).##.#
###.#.## ##.#.###.#.###...)..# #
##...###.##.......# #.#.##.#
#.......###.#.#.### #......#
##...#### #.....# #.#..#.# ##.##
###.### #.##.#.# #.# ###.###
#.##.#.# #.# #.....# #......#
#.# #.....########.###


You could see a wight.

Vanquished Creatures
  A wight (D:7)
  3 orcs (D:7)
  A goblin (D:4)
5 creatures vanquished.

Notes
Turn   | Place    | Note
-------+----------+-------------------------------------------
     0 | D:5      | petzl the Formicid Delver began the quest for the Orb.
     0 | D:5      | Reached XP level 1. HP: 18/18 MP: 1/1
     0 | D:5      | Found a blossoming altar of Fedhas.
    91 | D:4      | Noticed a hound
    92 | D:4      | Identified the +7 mace "Amuytrag" {antimagic, Dex+8}
    96 | D:4      | You fall into a shaft and drop 3 floors!
   164 | D:8      | Noticed an orc priest
   166 | D:8      | Noticed an orc wizard
   303 | D:7      | Noticed a bullfrog
   338 | D:6      | Noticed a shadow
   770 | D:7      | Noticed a wight
   792 | D:7      | Found a stormy altar of Qazlal.
   794 | D:7      | Found a bloodstained altar of Trog.
   799 | D:7      | Found a broken altar of Ashenzari.
   805 | D:7      | Found a sparkling altar of Nemelex Xobeh.
   878 | D:7      | Reached skill level 1 in Spellcasting
   879 | D:7      | Reached XP level 2. HP: 24/24 MP: 1/3
   918 | D:7      | Noticed a bullfrog
  1092 | D:7      | Noticed a wight
  1128 | D:7      | Killed a wight
  1129 | D:7      | Reached XP level 3. HP: 20/29 MP: 2/6
  1129 | D:7      | Reached XP level 4. HP: 24/35 MP: 2/7
  1177 | D:7      | Learned a level 1 spell: Apportation
  1179 | D:7      | Learned a level 1 spell: Summon Small Mammal
  1211 | D:7      | Slain by a wight

Illustrated notes

Levels and vault maps discovered:
D:4:      layout_rooms, nicolae_overflow_two_pavilions,
          ebering_ghost_disaster_area, minmay_misc_feat_encased
D:5:      layout_rooms, fedhas_ov_isle_minmay,
          minmay_temple_entry_drinking_statues
D:6:      layout_basic, serial_shops, nicolae_shop_trees,
          nicolae_shop_self_help, uniq_duvessa, uniq_eustachio, uniq_edmund
D:7:      layout_loops_cross, nicolae_overflow_hallway_of_the_gods
D:8:      layout_basic, minmay_ruffians, uniq_prince_ribbit1

Skill      XL: |  1  2 |
---------------+-------+-----
Spellcasting   | 1 2 |  2.4
Ranged Weapons | 2 |  2.3
Fighting       | |  3.2
Maces & Flails | |  2.0
Dodging        | |  1.7
Stealth        | |  6.0

Action                     |  1- 3 |  4- 6 || total
---------------------------+-------+-------++-------
  Melee: Mace              |    10 |     2 ||    12
   Fire: Sling             |     8 |     4 ||    12
Ability: Shaft Self        |     1 |       ||     1
   Stab: Distracted        |     1 |       ||     1
 Armour: Leather armour    |     2 |       ||     2
  Dodge: Dodged            |     5 |       ||     5

Table legend: (Time is in decaauts)
 A = Elapsed time spent in this place.
 B = Non-inter-level travel time spent in this place.
 C = Inter-level travel time spent in this place.
 D = Time resting spent in this place.
 E = Time spent auto-exploring this place.
 F = Levels seen in this place.
 G = Mean time per level.
                   A        B        C        D        E       F      G
               +--------+--------+--------+--------+--------+-----+--------+
         Total |   1218 |   1174 |     44 |    124 |    748 |   5 |  243.6 |
       Dungeon |   1218 |   1174 |     44 |    124 |    748 |   5 |  243.6 |
               +--------+--------+--------+--------+--------+-----+--------+

Top non-repeatable levels by time:
     D:7: 781 daAuts
     D:8: 337 daAuts
     D:4: 86 daAuts
     D:5: 10 daAuts
     D:6: 1 daAuts
